 Dungeon Crawl Stone Soup version 0.23.0-38-g208d714 (webtiles) character file.

Game seed: 17729757189787163081

125496 vishdafish the Blocker (level 16, -2/129 HPs)
             Began as a Gnoll Fighter on Feb 28, 2019.
             Was the Champion of Qazlal.
             Killed from afar by a shock serpent (21 damage)
             ... with a bolt of electricity
             ... on level 2 of the Snake Pit.
             The game lasted 00:59:06 (29594 turns).

vishdafish the Blocker (Gnoll Fighter)             Turns: 29594, Time: 00:59:07

Health: -2/129     AC: 22    Str: 24    XL:     16   Next: 96%
Magic:  0/31       EV: 13    Int: 15    God:    Qazlal [******]
Gold:   2568       SH: 27    Dex: 17    Spells: 37/37 levels left

rFire    . . .     SeeInvis +   N - +4 trident (protect)
rCold    . . .     Gourm    .   y - +0 large shield
rNeg     + . .     Faith    .   T - +2 chain mail of Feoketir {Slay+3}
rPois    +         Spirit   +   Z - +2 hat
rElec    +         Reflect  .   c - scarf {Spirit}
rCorr    .         Harm     .   D - +2 pair of gloves
MR       +....                  (no boots)
Stlth    +.........             l - amulet of rage
HPRegen  0.31/turn              V - ring of poison resistance
MPRegen  0.22/turn              L - ring "Qoutz" {rN+ Int+3 SInv}

@: protected from electricity, repel missiles
A: distributed training, fangs 1, iridescent scales 1, agile 1, strong nose
a: Upheaval, Elemental Force, Disaster Area, Renounce Religion, Evoke Berserk
Rage


You were on level 2 of the Snake Pit.
You worshipped Qazlal.
Qazlal was exalted by your worship.
You were hungry.

You visited 5 branches of the dungeon, and saw 26 of its levels.
You also visited: Ossuary and Ice Cave.

You collected 3022 gold pieces.
You spent 454 gold pieces at shops.

Inventory:

Hand Weapons
 N - a +4 trident of protection (weapon)
Missiles
 K - 4 throwing nets (quivered)
Armour
 c - a scarf of spirit shield (worn)
 y - a +0 large shield (worn)
 D - a +2 pair of gloves (worn)
 T - the +2 chain mail of Feoketir (worn) {Slay+3}
   (You found it on level 5 of the Lair of Beasts)

   It affects your accuracy and damage with ranged weapons and melee attacks
   (+3).
 Z - a +2 hat (worn)
Jewellery
 l - an amulet of rage (around neck)
 n - an uncursed ring of protection from cold
 C - an uncursed ring of protection from fire
 H - an uncursed ring of resist corrosion
 L - the ring "Qoutz" (right hand) {rN+ Int+3 SInv}
   (You acquired it on level 2 of the Lair of Beasts)

   [ring of see invisible]

   It affects your intelligence (+3).
   It protects you from negative energy.
   It lets you see invisible.
 P - an uncursed ring of positive energy
 V - a ring of poison resistance (left hand)
Wands
 a - a wand of clouds (4)
 p - a wand of acid (9)
 F - a wand of digging (18)
 G - a wand of flame (61)
 Q - a wand of iceblast (13)
 W - a wand of polymorph (8)
Scrolls
 g - 2 scrolls of fear
 i - 7 scrolls of teleportation
 o - 3 scrolls of brand weapon
 q - 16 scrolls of remove curse
 r - 4 scrolls of fog
 s - 4 scrolls of enchant weapon
 t - 6 scrolls of immolation
 u - a scroll of holy word
 z - 4 scrolls of blinking
 A - 10 scrolls of amnesia
 O - 4 scrolls of identify
 R - a scroll of summoning
 S - 2 scrolls of vulnerability
 X - a scroll of silence
 Y - 2 scrolls of enchant armour
Potions
 d - 3 potions of might
 e - 4 potions of ambrosia
 h - 3 potions of invisibility
 j - 3 potions of magic
 k - a potion of resistance
 m - 13 potions of curing
 v - 3 potions of mutation
 w - 3 potions of lignification
 x - 4 potions of flight
 B - 8 potions of agility
 E - 3 potions of berserk rage
 I - 3 potions of brilliance
 J - 4 potions of haste
Miscellaneous
 b - a lamp of fire (inert)
 M - 2 boxes of beasts
 U - a sack of spiders
Comestibles
 f - 29 rations


   Skills:
 + Level 12.5 Fighting
 + Level 11.0 Short Blades
 + Level 11.8 Long Blades
 + Level 11.0 Axes
 + Level 11.0 Maces & Flails
 + Level 11.0 Polearms
 + Level 11.0 Staves
 + Level 11.0 Slings
 + Level 11.0 Bows
 + Level 11.0 Crossbows
 + Level 11.0 Throwing
 + Level 12.5 Armour
 + Level 11.0 Dodging
 + Level 11.0 Stealth
 + Level 12.5 Shields
 + Level 11.0 Unarmed Combat
 + Level 11.0 Spellcasting
 + Level 9.3 Conjurations
 + Level 9.3 Hexes
 + Level 9.3 Charms
 + Level 9.3 Summonings
 + Level 9.3 Necromancy
 + Level 9.3 Translocations
 + Level 9.3 Transmutations
 + Level 9.3 Fire Magic
 + Level 9.3 Ice Magic
 + Level 9.3 Air Magic
 + Level 9.3 Earth Magic
 + Level 9.3 Poison Magic
 + Level 11.9 Invocations
 + Level 11.0 Evocations


You had 37 spell levels left.
You didn't know any spells.
Your spell library contained the following spells:

 Spells                   Type           Power        Failure   Level  Hunger
 Beastly Appendage        Tmut           #####.       4%          1    None
 Freeze                   Ice            ####         4%          1    None
 Sticks to Snakes         Tmut           #####...     7%          2    None
 Throw Frost              Conj/Ice       #####.       7%          2    None
 Ozocubu's Armour         Chrm/Ice       #####...     13%         3    None
 Spider Form              Tmut/Pois      #####.....   13%         3    None
 Ice Form                 Ice/Tmut       #####...     41%         4    ###....
 Summon Ice Beast         Ice/Summ       #####...     41%         4    ###....
 Throw Icicle             Conj/Ice       #####...     41%         4    ###....
 Blade Hands              Tmut           #####.....   77%         5    #####..
 Irradiate                Conj/Tmut      #####.....   77%         5    #####..
 Metabolic Englaciation   Hex/Ice        #####.....   77%         5    #####..
 Bolt of Cold             Conj/Ice       #####.....   100%        6    ######.
 Freezing Cloud           Conj/Ice/Air   #####.....   100%        6    ######.
 Hydra Form               Tmut           #####.....   100%        6    ######.
 Ozocubu's Refrigeration  Ice            #####.....   100%        6    ######.
 Simulacrum               Ice/Necr       #####.....   100%        6    ######.
 Statue Form              Tmut/Erth      #####....    100%        6    ######.
 Dragon Form              Tmut           #####.....   100%        7    #######


Dungeon Overview and Level Annotations

Branches:
Dungeon (15/15)            Temple (1/1) D:4            Lair (6/6) D:11
  Swamp (0/4) Lair:3        Snake (2/4) Lair:2        Slime (0/5) Lair:5
    Orc (2/2) D:11            Elf (0/3) Orc:2        Vaults (0/5) D:13
 Depths (0/5) D:15

Altars:
Ashenzari
Cheibriados
Dithmenos
Elyvilon
Fedhas
Gozag
Hepliaklqana
Kikubaaqudgha
Makhleb
Nemelex Xobeh
Okawaru
Qazlal
Ru
Sif Muna
Trog
Uskayaw
Vehumet
Wu Jian
Xom
Yredelemnul
Zin
The Shining One
Beogh
Jiyva

Shops:
D:7 ?   D:10 [   D:11 :   D:12 (   Orc:2 ??[[

Portals:
Trove: D:11 (give +3 storm dragon scales)

Annotations:
Lair:1 2 transporters, ohad's ghost, journeyman OpTm
Lair:6 1 runed translucent door, Irenicus's ghost, journeyman DDEE


Innate Abilities, Weirdness & Mutations

Your experience applies equally to all skills.
You have very sharp teeth.
Your uncanny sense of smell can sniff out nearby items.
You are partially covered in iridescent scales. (AC +2)
You are agile. (Dex +2)


Message History

The bolt of acid hits the black mamba!
The black mamba is splashed with acid!
The acid corrodes the black mamba!
You kill the black mamba!
Qazlal accepts your kill.
The bolt of acid hits the shock serpent!!
The shock serpent is splashed with acid.
The shock serpent is heavily wounded.
The shock serpent's electric aura discharges, shocking you!
The anaconda is engulfed in blazing flames.
You kill the anaconda!
Qazlal accepts your kill.
The shock serpent is engulfed in freezing vapours.
The shock serpent seems to slow down.
The shock serpent's electric aura discharges, shocking you!
The naga mage is engulfed in blazing flames.
The shock serpent shoots out a bolt of lightning at you!
The bolt of electricity hits you!!
Your resistance to physical damage fades away.
You feel protected from electricity.
You die...

...... #.#......##...#
......###........##..#
......####...)(##...#.#
#...... ##.<..###..##..
......#. #####[§##...##.#
#....#∆ ### ##§.##...# .#
##...# ...)##§.§.##...# #
.....# ∆ #..§§☼§)# #.##
.....# ##§N§@.☼# .#
.....### ##..§.§## #
.......### ##.###S## #
.......#.# #######†..#...#
#.......# #.##..N....#
##.....#####S..........#
#.........S.##...........^
.S....##.##.###...##......#
.#...#######.###### ......#


You could see a shock serpent and a naga mage.

Vanquished Creatures
  Saint Roka (Snake:2)
  Asterion (Snake:2)
  Gastronok (D:8)
  A fire dragon (Lair:6)
  Snorg (Lair:3)
  The ghost of DungeonDestroyer the Cleaver, a journeyman MiFi of Okawaru (D:13)
  A vault guard (D:11)
  Josephine (D:11)
  A yaktaur captain (D:15)
  6 hydras
  2 ice dragons
  A naga warrior (Snake:1)
  2 death knights
  6 anacondas
  2 catoblepae
  2 ogre magi
  2 centaur warriors
  17 two-headed ogres
  4 tengu warriors
  The ghost of coffeespoons the Severer, a novice DDFi of Makhleb (D:9)
  The ghost of Kairos the Cleaver, a novice FoFi of Okawaru (D:8)
  Sonja (D:11)
  A death yak (D:10)
  A shock serpent (Snake:1)
  2 skeletal warriors (D:13)
  A deep elf archer (D:13)
  Pikel (D:4)
  A lindwurm (Lair:6)
  A necromancer (IceCv)
  2 phantasmal warriors (D:12)
  2 mana vipers (Snake:2)
  5 orc knights
  4 oklob plants (Lair:5)
  7 cyclopes
  A salamander (Snake:1)
  A manticore (D:11)
  Maurice (D:10)
  12 ugly things
  8 black mambas
  6 deep elf magi
  3 elephants (Lair:5)
  An ice statue (IceCv)
  3 naga magi
  5 centaur skeletons
  A guardian serpent (Snake:1)
  13 spiny frogs
  2 gargoyles
  Psyche (D:11)
  5 torpor snails (Lair:6)
  14 rime drakes
  11 komodo dragons
  A kobold demonologist (D:13)
  14 freezing wraiths
  6 yaktaurs
  3 tengu conjurers
  5 trolls
  3 polar bears
  7 hornets (Lair:6)
  5 tyrant leeches
  3 meliai
  A hornet (shapeshifter) (D:15)
  A raiju (shapeshifter) (D:13)
  2 blink frogs
  10 hippogriffs
  9 slime creatures
  8 wraiths
  A shadow (D:11)
  A vampire (D:13)
  22 yaks
  5 basilisks
  Eustachio (D:5)
  3 hungry ghosts
  4 vampire mosquitoes
  6 nagas
  4 swamp worms (Lair:1)
  11 wargs
  15 water moccasins
  35 orc warriors
  8 porcupines
  Duvessa (D:7)
  A necrophage (D:7)
  16 ice beasts
  3 sky beasts
  A slave (D:4)
  An alligator simulacrum (IceCv)
  19 ogres
  2 phantoms
  3 boggarts (D:14)
  15 wolves
  12 centaurs
  14 crocodiles
  4 big kobolds
  23 bullfrogs
  5 gnoll sergeants (D:7)
  2 wyvern zombies
  A hornet simulacrum (D:10)
  A wyvern skeleton (D:9)
  Dowan (D:7)
  10 killer bees
  10 scorpions
  A water moccasin skeleton (D:10)
  A swamp dragon simulacrum (IceCv)
  An elephant simulacrum (IceCv)
  6 wights
  7 electric eels
  2 jellies
  4 centaur zombies
  12 crimson imps
  4 human zombies (Ossuary)
  2 quasits
  A bullfrog zombie (D:6)
  4 draconian simulacra (IceCv)
  15 hounds
  3 gnoll shamans (D:7)
  21 orc priests
  3 bullfrog skeletons
  16 orc wizards
  Crazy Yiuf (D:3)
  Jessica (D:3)
  5 iguanas
  Ijyb (D:4)
  A hell rat (D:7)
  2 spriggan simulacra (IceCv)
  4 troll simulacra (IceCv)
  14 worker ants
  A wolf simulacrum (IceCv)
  2 big kobold zombies (Ossuary)
  4 centaur simulacra
  A hound zombie (D:11)
  A hound skeleton (D:4)
  A killer bee simulacrum (D:10)
  3 mummies (Ossuary)
  20 adders
  32 gnolls
  A howler monkey skeleton (D:6)
  3 ogre simulacra (IceCv)
  6 river rats (D:7)
  6 scorpion zombies (Ossuary)
  4 naga simulacra (IceCv)
  3 shadow imps
  15 white imps
  2 ufetubi (D:10)
  4 oozes
  A worm (D:2)
  2 dart slugs (D:2)
  10 leopard geckos
  95 orcs
  2 giant cockroaches
  2 gnoll zombies (Ossuary)
  6 goblins
  4 hobgoblins
  15 jackals
  20 kobolds
  9 quokkas
  2 ball pythons (Lair:2)
  3 bats
  7 frilled lizards
  A goblin zombie (Ossuary)
  A hobgoblin zombie (Ossuary)
  2 jackal skeletons
  A kobold zombie (Ossuary)
  3 orc zombies (Ossuary)
  20 rats
  2 fungi (D:3)
  A plant (Lair:6)
961 creatures vanquished.

Vanquished Creatures (others)
  A polar bear (D:11)
  An ogre (D:15)
  3 orcs
  6 fungi
  20 plants
31 creatures vanquished.

Grand Total: 992 creatures vanquished

Notes
Turn   | Place    | Note
-------+----------+-------------------------------------------
     0 | D:1      | vishdafish the Gnoll Fighter began the quest for the Orb.
     0 | D:1      | Reached XP level 1. HP: 23/23 MP: 1/1
   189 | D:1      | Reached XP level 2. HP: 28/29 MP: 2/2
   868 | D:2      | Reached XP level 3. HP: 35/35 MP: 3/3
  1044 | D:2      | Reached skill level 1 in Invocations
  1142 | D:2      | Reached skill level 1 in Short Blades
  1142 | D:2      | Reached skill level 1 in Axes
  1142 | D:2      | Reached skill level 1 in Maces & Flails
  1142 | D:2      | Reached skill level 1 in Polearms
  1142 | D:2      | Reached skill level 1 in Staves
  1142 | D:2      | Reached skill level 1 in Slings
  1142 | D:2      | Reached skill level 1 in Bows
  1142 | D:2      | Reached skill level 1 in Crossbows
  1142 | D:2      | Reached skill level 1 in Throwing
  1142 | D:2      | Reached skill level 1 in Dodging
  1142 | D:2      | Reached skill level 1 in Stealth
  1142 | D:2      | Reached skill level 1 in Unarmed Combat
  1142 | D:2      | Reached skill level 1 in Spellcasting
  1142 | D:2      | Reached skill level 1 in Evocations
  1144 | D:2      | Reached XP level 4. HP: 30/41 MP: 5/5
  1493 | D:3      | Reached skill level 1 in Conjurations
  1493 | D:3      | Reached skill level 1 in Hexes
  1493 | D:3      | Reached skill level 1 in Charms
  1493 | D:3      | Reached skill level 1 in Summonings
  1493 | D:3      | Reached skill level 1 in Necromancy
  1493 | D:3      | Reached skill level 1 in Translocations
  1493 | D:3      | Reached skill level 1 in Transmutations
  1493 | D:3      | Reached skill level 1 in Fire Magic
  1493 | D:3      | Reached skill level 1 in Ice Magic
  1493 | D:3      | Reached skill level 1 in Air Magic
  1493 | D:3      | Reached skill level 1 in Earth Magic
  1493 | D:3      | Reached skill level 1 in Poison Magic
  1647 | D:3      | Noticed Jessica
  1657 | D:3      | Killed Jessica
  1657 | D:3      | Reached XP level 5. HP: 47/47 MP: 6/6
  1895 | D:3      | Found a runed translucent door.
  1896 | D:3      | Noticed Crazy Yiuf
  2062 | D:3      | Killed Crazy Yiuf
  2324 | D:4      | Found a staircase to the Ecumenical Temple.
  2326 | D:4      | Reached XP level 6. HP: 53/53 MP: 8/8
  2334 | Temple   | Entered the Ecumenical Temple
  2553 | Temple   | Became a worshipper of Qazlal Stormbringer
  2625 | D:4      | You fall through a shaft!
  2625 | D:5      | Entered Level 5 of the Dungeon
  2672 | D:5      | Reached skill level 5 in Long Blades
  2843 | D:5      | Noticed Eustachio
  2867 | D:5      | Killed Eustachio
  2867 | D:5      | Reached XP level 7. HP: 48/60 MP: 10/10
  3051 | D:5      | You fall through a shaft for 3 floors!
  3193 | D:8      | Noticed Gastronok
  3211 | D:8      | Killed Gastronok
  3211 | D:8      | Reached XP level 8. HP: 35/68 MP: 10/14
  3211 | D:8      | Reached XP level 9. HP: 38/74 MP: 10/15
  3215 | D:8      | Noticed Kairos's ghost (novice FoFi)
  3225 | D:8      | Found a runed translucent door.
  3291 | D:8      | Found a sand-covered staircase.
  3350 | Ossuary  | Entered an ossuary
  3420 | Ossuary  | Reached * piety under Qazlal
  4348 | D:6      | Reached skill level 5 in Invocations
  4354 | D:6      | Reached ** piety under Qazlal
  4696 | D:6      | Reached XP level 10. HP: 43/80 MP: 17/17
  5833 | D:4      | Noticed Ijyb
  5849 | D:4      | Killed Ijyb
  5905 | D:4      | Reached *** piety under Qazlal
  5905 | D:4      | Reached skill level 5 in Short Blades
  5905 | D:4      | Reached skill level 5 in Axes
  5905 | D:4      | Reached skill level 5 in Maces & Flails
  5905 | D:4      | Reached skill level 5 in Polearms
  5905 | D:4      | Reached skill level 5 in Staves
  5905 | D:4      | Reached skill level 5 in Slings
  5905 | D:4      | Reached skill level 5 in Bows
  5905 | D:4      | Reached skill level 5 in Crossbows
  5905 | D:4      | Reached skill level 5 in Throwing
  5905 | D:4      | Reached skill level 5 in Dodging
  5905 | D:4      | Reached skill level 5 in Stealth
  5905 | D:4      | Reached skill level 5 in Unarmed Combat
  5905 | D:4      | Reached skill level 5 in Spellcasting
  5905 | D:4      | Reached skill level 5 in Evocations
  5963 | D:4      | Noticed Pikel
  6004 | D:4      | Killed Pikel
  6266 | D:7      | Noticed Duvessa
  6270 | D:7      | Noticed Dowan
  6576 | D:7      | Killed Dowan
  6589 | D:7      | Found Fumnav's Magic Scroll Emporium.
  6602 | D:7      | Bought a scroll of identify for 32 gold pieces
  6602 | D:7      | Bought a scroll of identify for 32 gold pieces
  6605 | D:7      | Gained mutation: Your body sometimes deteriorates upon
                  | taking damage. [potion of mutation]
  6605 | D:7      | Gained mutation: You have a pair of small horns on your
                  | head. [potion of mutation]
  6605 | D:7      | Gained mutation: You have sharp toenails. [potion of
                  | mutation]
  6851 | D:7      | Reached **** piety under Qazlal
  6871 | D:7      | Found the +2 ratskin cloak {+Rats rPois rN+ Str-1 Int-1
                  | Dex+1}
  7014 | D:7      | Killed Duvessa
  7892 | D:8      | Reached ***** piety under Qazlal
  8274 | D:8      | Lost mutation: Your body sometimes deteriorates upon taking
                  | damage. [potion of mutation]
  8274 | D:8      | Lost mutation: You have a pair of small horns on your head.
                  | [potion of mutation]
  8274 | D:8      | Lost mutation: You have sharp toenails. [potion of
                  | mutation]
  8274 | D:8      | Gained mutation: You are agile. (Dex +2) [potion of
                  | mutation]
  8274 | D:8      | Gained mutation: You are partially covered in iridescent
                  | scales. (AC +2) [potion of mutation]
  8444 | D:8      | Killed Kairos's ghost
  8444 | D:8      | Reached XP level 11. HP: 35/87 MP: 19/19
  8587 | D:9      | Found an ornate altar of the Wu Jian Council.
  8638 | D:9      | Noticed coffeespoons's ghost (novice DDFi)
  8644 | D:9      | Found a roughly hewn altar of Beogh.
  9041 | D:9      | Noticed a deep elf mage
  9165 | D:8      | Killed a deep elf mage
  9421 | D:9      | Reached skill level 5 in Conjurations
  9421 | D:9      | Reached skill level 5 in Hexes
  9421 | D:9      | Reached skill level 5 in Charms
  9421 | D:9      | Reached skill level 5 in Summonings
  9421 | D:9      | Reached skill level 5 in Necromancy
  9421 | D:9      | Reached skill level 5 in Translocations
  9421 | D:9      | Reached skill level 5 in Transmutations
  9421 | D:9      | Reached skill level 5 in Fire Magic
  9421 | D:9      | Reached skill level 5 in Ice Magic
  9421 | D:9      | Reached skill level 5 in Air Magic
  9421 | D:9      | Reached skill level 5 in Earth Magic
  9421 | D:9      | Reached skill level 5 in Poison Magic
  9537 | D:9      | Found a runed translucent gate.
  9538 | D:9      | Found a runed translucent gate.
  9539 | D:9      | Found a runed translucent gate.
  9606 | D:9      | Killed coffeespoons's ghost
 10217 | D:10     | Entered Level 10 of the Dungeon
 10486 | D:10     | Noticed Maurice
 10502 | D:10     | Killed Maurice
 10589 | D:10     | Reached ****** piety under Qazlal
 11351 | D:10     | Noticed a death yak
 11363 | D:10     | Killed a death yak
 11431 | D:10     | Found Ugro's Armour Emporium.
 11782 | D:11     | Found a staircase to the Orcish Mines.
 11784 | D:11     | Noticed a green ugly thing
 11789 | D:11     | Noticed Josephine
 11794 | D:11     | Killed a green ugly thing
 11794 | D:11     | Reached XP level 12. HP: 96/96 MP: 22/22
 11829 | D:11     | Killed Josephine
 11834 | D:11     | Noticed Sonja
 11835 | D:11     | Noticed Psyche
 11842 | D:11     | Noticed a two-headed ogre
 11851 | D:11     | Killed a two-headed ogre
 11885 | D:11     | Found a frozen archway.
 11885 | D:11     | Noticed an ice dragon
 11887 | D:11     | Noticed a tengu warrior
 11888 | D:11     | Noticed a five-headed hydra
 11891 | IceCv    | Entered an ice cave
 12970 | IceCv    | Found an ancient bone altar of Kikubaaqudgha.
 13162 | D:11     | Noticed a two-headed ogre
 13171 | D:11     | Reached skill level 10 in Fighting
 13171 | D:11     | Reached skill level 10 in Armour
 13171 | D:11     | Reached skill level 10 in Shields
 13174 | D:11     | Killed a two-headed ogre
 13219 | D:11     | Killed Sonja
 13230 | D:11     | Killed Psyche
 13230 | D:11     | Reached XP level 13. HP: 86/103 MP: 21/24
 13354 | D:11     | Found a staircase to the Lair.
 13411 | D:11     | Noticed a vault guard
 13421 | D:11     | Killed a vault guard
 13606 | D:11     | Found a portal to a secret trove of treasure.
 13660 | D:11     | Found Joutaf's Book Shoppe.
 13706 | D:11     | Found a stormy altar of Qazlal.
 13706 | D:11     | Found a burning altar of Makhleb.
 13721 | D:11     | Found a deep blue altar of Sif Muna.
 13721 | D:11     | Found a shadowy altar of Dithmenos.
 14146 | D:11     | Killed an ice dragon
 14407 | Lair:1   | Entered Level 1 of the Lair of Beasts
 14726 | Lair:1   | You fall through a shaft!
 14817 | Lair:1   | Found a transporter.
 14818 | Lair:1   | Found a transporter.
 14824 | Lair:1   | Noticed ohad's ghost (journeyman OpTm)
 15813 | Lair:2   | Found a staircase to the Snake Pit.
 16338 | Lair:2   | Reached XP level 14. HP: 104/111 MP: 26/26
 16381 | Lair:2   | Found a basalt altar of Yredelemnul.
 16386 | Lair:2   | Identified a scroll of acquirement
 16398 | Lair:2   | Got an ancient lead ring
 16400 | Lair:2   | Identified the ring "Qoutz" {rN+ Int+3 SInv} (You acquired
                  | it on level 2 of the Lair of Beasts)
 17212 | Lair:3   | Noticed Snorg
 17228 | Lair:3   | Killed Snorg
 17228 | Lair:3   | Reached skill level 10 in Long Blades
 17293 | Lair:3   | Found a staircase to the Swamp.
 18568 | Lair:5   | Found a staircase to the Slime Pits.
 18568 | Lair:5   | Found a viscous altar of Jiyva.
 18840 | Lair:5   | Reached skill level 10 in Invocations
 18844 | Lair:5   | Got a faintly glowing chain mail
 18856 | Lair:5   | Identified the +2 chain mail of Feoketir {Slay+3} (You
                  | found it on level 5 of the Lair of Beasts)
 18865 | Lair:5   | Got a polished plate armour
 18871 | Lair:5   | Identified the +3 plate armour "Poruh" {rCorr} (You found
                  | it on level 5 of the Lair of Beasts)
 19139 | Lair:6   | Entered Level 6 of the Lair of Beasts
 19389 | Lair:6   | Found a runed translucent door.
 19390 | Lair:6   | Noticed Irenicus's ghost (journeyman DDEE)
 19614 | Lair:6   | Found a runed translucent door.
 19813 | Lair:6   | Got a fine ring mail
 19912 | Lair:6   | Reached XP level 15. HP: 95/119 MP: 20/28
 21113 | D:12     | Found Namenico's Weapon Shoppe.
 21927 | D:13     | Found a transporter.
 21929 | D:13     | Noticed DungeonDestroyer's ghost (journeyman MiFi)
 21930 | D:13     | Identified the +6 dire flail "Eligg" {holy, *Rage rPois
                  | rC+}
 21930 | D:13     | Identified the +7 dire flail "Epe Cace" {elec, *Slow rElec
                  | Int+5}
 21936 | D:13     | Found a transporter.
 22038 | D:13     | Identified the cursed +1 broad axe of Jiapul {freeze, rN+
                  | SInv Stlth-}
 22594 | D:13     | Reached skill level 10 in Short Blades
 22594 | D:13     | Reached skill level 10 in Axes
 22594 | D:13     | Reached skill level 10 in Maces & Flails
 22594 | D:13     | Reached skill level 10 in Polearms
 22594 | D:13     | Reached skill level 10 in Staves
 22594 | D:13     | Reached skill level 10 in Slings
 22594 | D:13     | Reached skill level 10 in Bows
 22594 | D:13     | Reached skill level 10 in Crossbows
 22594 | D:13     | Reached skill level 10 in Throwing
 22594 | D:13     | Reached skill level 10 in Dodging
 22594 | D:13     | Reached skill level 10 in Stealth
 22594 | D:13     | Reached skill level 10 in Unarmed Combat
 22594 | D:13     | Reached skill level 10 in Spellcasting
 22594 | D:13     | Reached skill level 10 in Evocations
 22615 | D:13     | Found a gate to the Vaults.
 23288 | D:13     | Killed DungeonDestroyer's ghost
 23320 | D:13     | Identified the +0 ring mail of Jaupsecs {+Blink MR+++ MP-9}
                  | (You found it on level 6 of the Lair of Beasts)
 23606 | D:14     | Found a snail-covered altar of Cheibriados.
 24229 | D:15     | Entered Level 15 of the Dungeon
 24270 | D:14     | Reached XP level 16. HP: 97/127 MP: 26/30
 25229 | D:15     | Found a sparkling altar of Nemelex Xobeh.
 25279 | D:15     | Found a staircase to the Depths.
 25647 | Orc:1    | Entered Level 1 of the Orcish Mines
 26375 | Orc:2    | Entered Level 2 of the Orcish Mines
 27404 | Orc:2    | Found Ukko Tenk's Antique Armour Shoppe.
 27648 | Orc:2    | Found a staircase to the Elven Halls.
 27733 | Orc:2    | Found Kudd's Armour Shop.
 27733 | Orc:2    | Found Riyr's Magic Scroll Emporium.
 27735 | Orc:2    | Found Bugon's Magic Scroll Shoppe.
 27737 | Orc:2    | Found Xutheisk's Gadget Boutique.
 27742 | Orc:2    | Bought 2 scrolls of identify for 56 gold pieces
 27742 | Orc:2    | Bought a scroll of identify for 28 gold pieces
 27742 | Orc:2    | Bought a scroll of identify for 28 gold pieces
 27742 | Orc:2    | Bought a scroll of torment for 105 gold pieces
 27742 | Orc:2    | Bought a scroll of holy word for 105 gold pieces
 27754 | Orc:2    | Bought a scroll of identify for 34 gold pieces
 27754 | Orc:2    | Bought a scroll of identify for 34 gold pieces
 28003 | Snake:1  | Entered Level 1 of the Snake Pit
 28980 | Snake:2  | Noticed Saint Roka
 28989 | Snake:2  | Noticed Asterion
 29002 | Snake:2  | Killed Saint Roka
 29007 | Snake:2  | Killed Asterion
 29521 | Snake:2  | Noticed a nagaraja
 29594 | Snake:2  | Killed from afar by a shock serpent

Skill      XL: |  1  2  3  4  5  6  7  8  9 10 11 12 13 14 15 16 |
---------------+-------------------------------------------------+-----
Invocations    | 1 2 4 5 6 7 8 9 10 11 | 11.9
Short Blades   | 1 2 4 5 6 7 8 9 10 11 | 11.0
Axes           | 1 2 4 5 6 7 8 9 10 11 | 11.0
Maces & Flails | 1 2 4 5 6 7 8 9 10 11 | 11.0
Polearms       | 1 2 4 5 6 7 8 9 10 11 | 11.0
Staves         | 1 2 4 5 6 7 8 9 10 11 | 11.0
Slings         | 1 2 4 5 6 7 8 9 10 11 | 11.0
Bows           | 1 2 4 5 6 7 8 9 10 11 | 11.0
Crossbows      | 1 2 4 5 6 7 8 9 10 11 | 11.0
Throwing       | 1 2 4 5 6 7 8 9 10 11 | 11.0
Dodging        | 1 2 4 5 6 7 8 9 10 11 | 11.0
Stealth        | 1 2 4 5 6 7 8 9 10 11 | 11.0
Unarmed Combat | 1 2 4 5 6 7 8 9 10 11 | 11.0
Spellcasting   | 1 2 4 5 6 7 8 9 10 11 | 11.0
Evocations     | 1 2 4 5 6 7 8 9 10 11 | 11.0
Conjurations   | 1 3 4 5 6 7 8 9 |  9.3
Hexes          | 1 3 4 5 6 7 8 9 |  9.3
Charms         | 1 3 4 5 6 7 8 9 |  9.3
Summonings     | 1 3 4 5 6 7 8 9 |  9.3
Necromancy     | 1 3 4 5 6 7 8 9 |  9.3
Translocations | 1 3 4 5 6 7 8 9 |  9.3
Transmutations | 1 3 4 5 6 7 8 9 |  9.3
Fire Magic     | 1 3 4 5 6 7 8 9 |  9.3
Ice Magic      | 1 3 4 5 6 7 8 9 |  9.3
Air Magic      | 1 3 4 5 6 7 8 9 |  9.3
Earth Magic    | 1 3 4 5 6 7 8 9 |  9.3
Poison Magic   | 1 3 4 5 6 7 8 9 |  9.3
Long Blades    | 5 6 7 8 9 10 11 | 11.8
Fighting       | 7 8 9 10 11 12 | 12.5
Armour         | 7 8 9 10 11 12 | 12.5
Shields        | 7 8 9 10 11 12 | 12.5

Action                   |  1- 3 |  4- 6 |  7- 9 | 10-12 | 13-15 | 16-18 || total
-------------------------+-------+-------+-------+-------+-------+-------++-------
Melee: Long sword        |    74 |   190 |   308 |   292 |       |       ||   864
       Bite              |     8 |    27 |    66 |   172 |   272 |   104 ||   649
       Trident           |       |       |       |   828 |  1667 |   621 ||  3116
       Spear             |       |       |       |    88 |       |       ||    88
       Kick              |       |       |       |    73 |       |       ||    73
       Headbutt          |       |       |       |    44 |       |       ||    44
Throw: Throwing net      |       |       |       |     1 |     1 |     2 ||     4
Invok: Upheaval          |       |       |       |     5 |     1 |     3 ||     9
       Elemental Force   |       |       |       |     1 |       |       ||     1
 Abil: Evoke Berserk Rag |       |       |       |     4 |     6 |     1 ||    11
Evoke: Wand              |       |     1 |       |    25 |    34 |    12 ||    72
       Lamp of fire      |       |       |       |       |     3 |     1 ||     4
  Use: Scroll            |       |       |    15 |    11 |    13 |     8 ||    47
       Potion            |       |       |     1 |     7 |     4 |     2 ||    14
 Stab: Sleeping          |     1 |     2 |       |       |       |       ||     3
       Paralysed         |       |       |       |     8 |       |       ||     8
       Held in net/web   |       |       |       |     1 |       |       ||     1
  Eat: Chunk             |       |     6 |     3 |    20 |    24 |     6 ||    59
       Ration            |       |       |     1 |     7 |     5 |     4 ||    17
Armor: Scale mail        |    28 |    59 |    77 |   371 |   192 |       ||   727
       Chain mail        |       |       |       |       |   271 |   236 ||   507
Dodge: Dodged            |    24 |    38 |   100 |   419 |   368 |   229 ||  1178
       Deflected         |       |       |       |     9 |    20 |    24 ||    53
Block: Shield            |    38 |    88 |   188 |  1135 |   145 |       ||  1594
       Large shield      |       |       |       |       |  1684 |   928 ||  2612
       Rpst.: Long sword |     7 |     9 |    34 |    21 |       |       ||    71
